 Dungeon Crawl Stone Soup version 0.31.0-12-g77e489cdc1 (webtiles) character file.

Game seed: 17841959645326418209

3462 Gadfly the Covered (level 9, -2/74 HPs)
             Began as an Armataur Fighter on Feb 29, 2024.
             Slain by a gnoll
             ... wielding a +0 halberd
              (5 damage)
             ... on level 6 of the Dungeon.
             The game lasted 00:12:26 (6118 turns).

Gadfly the Covered (Armataur Fighter)               Turns: 6118, Time: 00:12:27

Health: -2/74      AC: 11    Str: 25    XL:     9   Next: 78%
Magic:  13/13      EV: 10    Int:  8    God:
Gold:   463        SH:  6    Dex: 11    Spells: 8/8 levels left

rFire   . . .        b - +0 whip (elec)
rCold   . . .        c - +1 buckler
rNeg    . . .        h - +0 plate armour
rPois   .            (no helmet)
rElec   .            (no cloak)
rCorr   .            (no gloves)
SInv    .            (no barding)
Will    .....        (no amulet) Stlth
                     i - +5 ring of evasion
HPRegen 0.32/turn    (no ring)
MPRegen 0.13/turn

%: roll
@: no status effects
A: large, deformed body, tough skin 3, armoured tail, roll 2
a: no special abilities


You were on level 6 of the Dungeon.
You visited 1 branch of the dungeon, and saw 6 of its levels.

You collected 511 gold pieces.
You spent 48 gold pieces at shops.

Inventory:

Hand Weapons
 a - a +0 flail of venom
 b - a +0 whip of electrocution (weapon)
 m - a +2 falchion of flaming
Armour
 c - a +1 buckler (worn)
 h - a +0 plate armour (worn)
Jewellery
 e - a ring of ice
 i - a +5 ring of evasion (left hand)
Wands
 d - a wand of paralysis (26) (quivered)
Scrolls
 g - a scroll of fear
 n - a scroll of enchant armour
Potions
 f - 3 potions of curing
 j - a potion of magic {unknown}
 k - a potion of heal wounds
 l - a potion of attraction {unknown}
 p - a potion of lignification
 q - a potion of cancellation {unknown}


   Skills:
 + Level 5.2 Fighting
 * Level 6.2 Maces & Flails
 + Level 6.6 Armour
 + Level 6.1 Shields
 * Level 6.3 Invocations
 * Level 6.3 Evocations


You had 8 spell levels left.
You didn't know any spells.
Your spell library contained the following spells:

 Spells                   Type           Power      Damage    Failure   Level
 Freeze                   Ice            0%         1d3       100%        1
 Slow                     Hex            0%         N/A       100%        1
 Sting                    Conj/Alch      0%         1d3       100%        1
 Mercury Vapours          Alch/Air       0%         N/A       100%        2
 Confusing Touch          Hex            0%         N/A       100%        3
 Frozen Ramparts          Ice            0%         1d1       100%        3
 Hailstorm                Conj/Ice       0%         3d5       100%        3
 Sigil of Binding         Hex            0%         N/A       100%        3
 Vampiric Draining        Necr           0%         2d6       100%        3
 Olgreb's Toxic Radiance  Alch           0%         N/A       100%        4


Dungeon Overview and Level Annotations

Branches:
Dungeon (6/15)
 Temple: D:4-7

Altars:
Cheibriados
Gozag
Nemelex Xobeh

Shops:
D:1 !


Innate Abilities, Weirdness & Mutations

Armour fits poorly on your strangely shaped body.
You have extremely tough skin. (AC +3)
You have a long armoured tail.
You regenerate magic and health when rolling toward enemies. (Rampage Regen)


Message History

Aiming: Paralyse
Press: ? - help, Shift-Dir - straight line, f - gnoll bouda
Aim: a gnoll bouda, wielding a +0 club and wearing a +0 leather armour (chance to affect: 64%)
The gnoll bouda struggles to resist.
Your attacks no longer feel as feeble.
There is an open gate here.
You see here a +0 whip of electrocution.
The gnoll attacks as it pursues you! You block the gnoll's attack.
The gnoll bouda gazes fiercely through you!
You feel your attacks grow feeble.
The gnoll is no longer moving quickly.
The gnoll attacks as it pursues you! The gnoll barely misses you.
The gnoll bouda barks out a call to the hunt!
The gnoll picks up the pace!
You block the gnoll's attack. The gnoll attacks as it pursues you!
You block the gnoll's attack.
Your attacks no longer feel as feeble.
The gnoll attacks as it pursues you! The gnoll barely misses you.
You block the gnoll's attack.
A gnoll comes into view. It is wielding a +0 halberd.
The gnoll shouts!
The gnoll attacks as it pursues you!
The gnoll hits you from afar with a +0 halberd.
* * * LOW HITPOINT WARNING * * *
The gnoll moves out of view.
The gnoll attacks as it pursues you! The gnoll barely misses you.
The gnoll closely misses you. The gnoll barely misses you.
The gnoll attacks as it pursues you! The gnoll barely misses you.
The gnoll attacks as it pursues you! The gnoll hits you but does no damage.
The gnoll bouda barks out a call to the hunt!
The gnoll picks up the pace!
The gnoll hits you from afar with a +0 halberd.
* * * LOW HITPOINT WARNING * * *
The gnoll attacks as it pursues you! You block the gnoll's attack.
The gnoll attacks as it pursues you!
The gnoll hits you from afar with a +0 halberd.
* * * LOW HITPOINT WARNING * * *
The gnoll hits you from afar with a +0 halberd.
You die...

# #.........####..##...#)# #... #
#.........###...##.###.# #... #
#####.........g.##.# #†# #... ###
#.#####....#...###.#####...
#.#####.....#......####...)......
..##........#....###...>.###..)..
..##.##.....#..gg###.###.....#...
#.##.#......#....#.[[###..####...
#......_........@#.#......# #...
###......#.##....#[..###.## ####
#.....##.##......### #.#
#........##.....### #.#
#.....#####.#...(.####.########
#######.###########...#..........
#............## ###............
..............## #............
........[......#### #............


You could see a gnoll bouda and 2 gnolls.

Vanquished Creatures
  Pikel (D:6)
  Eustachio (D:6)
  2 water moccasins
  Duvessa (D:4)
  2 orc warriors (D:6)
  An ice beast (D:5)
  5 black bears
  3 ogres
  2 centaurs (D:6)
  A lemure (D:6)
  2 phantoms
  A gnoll sergeant (D:6)
  Blork the orc (D:5)
  A scorpion (D:5)
  Dowan (D:4)
  A howler monkey (D:4)
  9 hounds
  A jelly (D:6)
  5 orc priests
  A gnoll bouda (D:6)
  An iguana (D:6)
  4 orc wizards (D:6)
  Ijyb (D:5)
  13 gnolls (D:6)
  9 adders
  2 ufetubi (D:5)
  3 dart slugs (D:4)
  2 ribbon worms (D:2)
  17 orcs
  5 ball pythons
  10 endoplasms
  3 giant cockroaches
  10 goblins
  9 hobgoblins
  4 jackals (D:3)
  3 quokkas
  9 bats
  9 frilled lizards
  14 kobolds
  3 rats
173 creatures vanquished.

Vanquished Creatures (others)
  A gnoll (D:6)
1 creature vanquished.

Grand Total: 174 creatures vanquished

Notes
Turn   | Place    | Note
-------+----------+-------------------------------------------
     0 | D:1      | Gadfly the Armataur Fighter began the quest for the Orb.
     0 | D:1      | Reached XP level 1. HP: 18/18 MP: 1/1
   209 | D:1      | Reached XP level 2. HP: 25/25 MP: 2/2
   304 | D:1      | Reached skill level 1 in Evocations
   699 | D:1      | Found Pyska's Distillery.
   702 | D:1      | Bought a potion of curing for 36 gold pieces
   702 | D:1      | Bought a potion of degeneration for 12 gold pieces
   772 | D:2      | Reached skill level 1 in Invocations
   878 | D:2      | Reached XP level 3. HP: 30/30 MP: 3/3
  1373 | D:2      | Reached XP level 4. HP: 36/37 MP: 4/4
  1942 | D:3      | Reached XP level 5. HP: 45/45 MP: 6/6
  2077 | D:3      | Found a sparkling altar of Nemelex Xobeh.
  2077 | D:3      | Found an opulent altar of Gozag.
  2444 | D:4      | Noticed Dowan
  2446 | D:4      | Noticed Duvessa
  2462 | D:4      | Killed Duvessa
  2470 | D:4      | Killed Dowan
  2471 | D:4      | Reached XP level 6. HP: 13/51 MP: 7/7
  2908 | D:4      | Gained mutation: You regenerate magic and health when
                  | rolling toward enemies. (Rampage Regen) [Armataur growth]
  2908 | D:4      | Reached XP level 7. HP: 51/57 MP: 9/9
  3088 | D:5      | Entered Level 5 of the Dungeon
  3309 | D:5      | Reached skill level 5 in Armour
  3542 | D:5      | Reached XP level 8. HP: 66/66 MP: 9/11
  3641 | D:5      | Noticed Ijyb
  3641 | D:5      | Paralysed by Ijyb for 4 turns
  3646 | D:5      | Noticed Blork the orc
  3647 | D:5      | Paralysed by Ijyb for 2 turns
  3655 | D:5      | Killed Ijyb
  3668 | D:5      | Killed Blork the orc
  4275 | D:5      | Reached skill level 5 in Shields
  4648 | D:6      | Found a snail-covered altar of Cheibriados.
  4880 | D:6      | Reached skill level 5 in Maces & Flails
  4882 | D:6      | Reached skill level 5 in Invocations
  4882 | D:6      | Reached skill level 5 in Evocations
  5041 | D:6      | Noticed Pikel
  5067 | D:6      | Killed Pikel
  5068 | D:6      | Reached XP level 9. HP: 28/72 MP: 11/13
  5651 | D:6      | Noticed Eustachio
  5669 | D:6      | Reached skill level 5 in Fighting
  5680 | D:6      | Killed Eustachio
  6089 | D:6      | HP: 1/74 [gnoll/+0 halberd (11)]
  6118 | D:6      | HP: 3/74 [gnoll/+0 halberd (4)]
  6118 | D:6      | Slain by a gnoll

Illustrated notes

Levels and vault maps discovered:
D:1:      dpeg_arrival_tiny_f, layout_rooms, serial_shops,
          nicolae_shop_tiny_real_fake_doors, kennysheep_pointless_box, hex_large
D:2:      layout_loops_ring, serial_forest, infiniplex_forest_clump_small,
          infiniplex_forest_clump_tiny, infiniplex_forest_end_3,
          infiniplex_forest_lined_ring, infiniplex_forest_corner_1,
          infiniplex_forest_lined_2, infiniplex_forest_lined_2,
          wander_ebering_terrifying_dragon_lair
D:3:      layout_basic, grunt_temple_overflow_opulence, minmay_strange_pillars
D:4:      layout_rooms, uniq_duvessa
D:5:      minmay_skewed_foursquare, layout_basic, serial_corexii_hall,
          chequers_hall_statues_wall_a, chequers_hall_statues_corner_a,
          uniq_blork_the_orc, uniq_ijyb
D:6:      kennysheep_housing_project, layout_rooms,
          nicolae_overflow_crystal_walls, minmay_misc_feat_doors,
          dreamdust_gnoll_farm, uniq_eustachio, uniq_pikel

Skill      XL: |  1  2  3  4  5  6  7  8  9 |
---------------+----------------------------+-----
Maces & Flails | 2 3 4 5 6 |  6.2
Evocations     | 1 2 3 4 5 6 |  6.3
Invocations    | 1 2 3 4 5 6 |  6.3
Armour         | 4 5 6 |  6.6
Fighting       | 3 4 5 |  5.2
Shields        | 4 5 6 |  6.1

Action                     |  1- 3 |  4- 6 |  7- 9 || total
---------------------------+-------+-------+-------++-------
  Melee: Flail             |   132 |   143 |   204 ||   479
         Tailslap          |     7 |    15 |    59 ||    81
         Whip              |       |       |   146 ||   146
  Evoke: Wand              |       |       |     1 ||     1
    Use: Scroll            |     4 |     5 |     2 ||    11
         Potion            |       |     2 |     2 ||     4
 Armour: Scale mail        |    62 |       |       ||    62
         Plate armour      |    54 |   117 |   414 ||   585
         Skin              |       |    19 |       ||    19
  Dodge: Dodged            |    64 |    64 |   246 ||   374
  Block: Buckler           |    28 |    34 |   118 ||   180
